cohdb
Replays
Latest Replays
All Replays
Popular Replays
Top Player Replays
Match Explorer
How It Works
Community
CoH3 Stats
Reddit
Sign in to upload your games and track your stats! →
Sign in with Steam
Match 46771346
Unlisted
Match 46771346
Overview
Messages
Build Orders
End
Pioneer Squad
Construct Infanterie Kompanie
Selects Italian Coastal Battlegroup
Selects Coastal Reserves
Coastal Reserve
MG 42 Machine Gun Team
Coastal Reserve
Construct Luftwaffe Kompanie
Medical Bunker
221 Scout Car
Selects Support Bunkers
Selects Artillery Officer
Artillery Officer
Infanterie Officer Quarters
MG 42 Machine Gun Team
Construct Panzer Kompanie
MG 42 Bunker
Stoßtruppen Squad
Selects Designated Artillery Overwatch
Selects Bulwark
Kampfstärke
Helmuth von Moltke
The Wolf, Duc Volpe
KypSer
Cappie
Na_Orbite
0
0
Comments
sign in to comment!
No comments posted yet!